 Dungeon Crawl Stone Soup version 0.25-a0-578-gc91f01c39c (webtiles) character file.

Game seed: 17849978071569778671, levelgen mode: deterministic

21 Flugslaktarn the Shield-Bearer (level 2, -2/27 HPs)
             Began as a Minotaur Fighter on Mar 3, 2020.
             Killed by nerve-wracking pain
             ... invoked by an orc priest
              (3 damage)
             ... on level 4 of the Dungeon.
             The game lasted 00:00:18 (562 turns).

Flugslaktarn the Shield-Bearer (Minotaur Fighter)    Turns: 562, Time: 00:00:19

Health: -2/27      AC:  7    Str: 20    XL:     2   Next: 65%
Magic:  1/1        EV:  7    Int:  5    God:
Gold:   81         SH:  9    Dex:  9    Spells: 1/1 levels left

rFire    . . .     SeeInvis .   a - +0 war axe
rCold    . . .     Gourm    .   c - +0 kite shield
rNeg     . . .     Faith    .   b - +0 scale mail
rPois    .         Spirit   .   k - +0 hat
rElec    .         Reflect  .   (no cloak)
rCorr    .         Harm     .   (no gloves)
MR       .....                  (no boots)
Stlth    ..........             (no amulet)
HPRegen  0.09/turn              (no ring)
MPRegen  0.07/turn              (no ring)

@: no status effects
A: retaliatory headbutt, horns 2
a: no special abilities


You were on level 4 of the Dungeon.
You were not hungry.

You visited 1 branch of the dungeon, and saw 4 of its levels.

You collected 81 gold pieces.

Inventory:

Hand Weapons
 a - a +0 war axe (weapon)
Armour
 b - a +0 scale mail (worn)
 c - a +0 kite shield (worn)
 k - a +0 hat (worn)
   (You found it on level 3 of the Dungeon)
Jewellery
 i - a cursed ring of teleportation {unknown}
   (You found it on level 3 of the Dungeon)
 j - an uncursed ring of protection from fire {unknown}
   (You found it on level 3 of the Dungeon)
Scrolls
 f - 2 scrolls of identify {unknown}
 h - a scroll of fog {unknown}
Potions
 d - a potion of might
Comestibles
 e - a ration


   Skills:
 + Level 3.9 Fighting
 * Level 3.1 Axes
 + Level 3.9 Armour
 + Level 3.9 Shields


You had one spell level left.
You didn't know any spells.
Your spell library was empty.

Dungeon Overview and Level Annotations

Branches:
Dungeon (4/15)
 Temple: D:4-7

Altars:
Sif Muna

Annotations:
D:4 Blork the orc


Innate Abilities, Weirdness & Mutations

You reflexively headbutt those who attack you in melee.
You have a pair of horns on your head.


Message History

You block the ogre's attack. Blork the orc casts a spell at you.
The puff of flame hits you.
* * * LOW HITPOINT WARNING * * *
You are too injured to fight recklessly!
You are too injured to fight recklessly!
You are too injured to fight recklessly!
You are too injured to fight recklessly!
You are too injured to fight recklessly!
You are too injured to fight recklessly!
You are too injured to fight recklessly!
You are too injured to fight recklessly!
You are too injured to fight recklessly!
You are too injured to fight recklessly!
Unknown command.
An orc priest comes into view. It is wielding a +0 dagger.
The orc priest shouts!
The orc priest mumbles some strange prayers to Beogh against you.
Pain shoots through your body!
You die...

#....)..
.......
#####
##.....
............
..#...#o..o
..?....O#o#
..#...#o#.#
.........<#
#######@#.#
#.#.# #.#.#
#$#.# #.#.#
$.#.# ###.#


You could see Blork the orc, an ogre, an orc priest, an orc wizard and an orc.

Vanquished Creatures
  A dart slug (D:3)
  An orc (D:3)
  3 bats
  A giant cockroach (D:2)
  A hobgoblin (D:3)
  4 jackals (D:2)
  2 kobolds
  2 frilled lizards
  A goblin (D:3)
  A rat (D:3)
17 creatures vanquished.

Notes
Turn   | Place    | Note
-------+----------+-------------------------------------------
     0 | D:1      | Flugslaktarn the Minotaur Fighter began the quest for the
                  | Orb.
     0 | D:1      | Reached XP level 1. HP: 19/19 MP: 0/0
   147 | D:2      | Reached XP level 2. HP: 27/27 MP: 1/1
   435 | D:3      | Found a shimmering blue altar of Sif Muna.
   555 | D:4      | Noticed Blork the orc
   556 | D:4      | Noticed an ogre
   559 | D:4      | Noticed a howler monkey
   560 | D:4      | HP: 1/27 [Blork the orc/puff of flame (2)]
   562 | D:4      | Killed from afar by an orc priest

Levels and vault maps discovered:
D:1:      dpeg_arrival_rooms_c, layout_basic
D:2:      layout_loops_ring, first_ration
D:3:      layout_basic, lemuel_round_altar
D:4:      layout_basic, lemuel_crystal_altar, lemuel_coloured_pillars_altar,
          serial_shops, nicolae_shop_stone, uniq_blork_the_orc

Skill      XL: |  1  2 |
---------------+-------+-----
Axes           | 3 |  3.1
Fighting       | |  3.9
Armour         | |  3.9
Shields        | |  3.9

Action                   || total
-------------------------++-------
Melee: War axe           ||    46
       Headbutt          ||     4
Armor: Scale mail        ||    44
Dodge: Dodged            ||    21
Block: Kite shield       ||    38

Table legend:
 A = Non-vault XP
 B = Vault XP
 C = Vault XP percentage of total XP
 D = Non-vault monster count
 E = Vault monster count
 F = Vault count percentage of total count
                 A         B        C        D         E       F
            +---------+---------+-------+---------+---------+-------
      Total |      31 |       0 |   0.0 |      17 |       0 |   0.0
            +---------+---------+-------+---------+---------+-------
        D:1 |       2 |       0 |   0.0 |       1 |       0 |   0.0
        D:2 |      12 |       0 |   0.0 |       6 |       0 |   0.0
        D:3 |      16 |       0 |   0.0 |       9 |       0 |   0.0
        D:4 |       1 |       0 |   0.0 |       1 |       0 |   0.0
            +---------+---------+-------+---------+---------+-------
